Map: Cerulean Fall LE

Players

Namshar

  • Race: Zerg Zerg
  • League: Master
  • Spawn Location: 1:00

liquidthermy (uThermal) - Winner!

  • Race: Terran Terran
  • League: Master
  • Spawn Location: 7:00

Event: HomeStory Cup XVIII

VOD

Have the link to the VOD?

Description

Time

  • Played on: Nov. 22, 2018, 11:10 a.m.
  • Length: 6:02

All games in this series

Show
View Real Time Build Order
Export as new Build Order

Namshar Zerg 

Build Orders: Hatch First 

Get SALT Encoding   

  12  0:00  Drone  
  13  0:12  Overlord  
  13  0:16  Drone  
  14  0:30  Drone x2  
  16  0:48  Hatchery  
  15  0:51  Drone  
  16  1:07  Spawning Pool  
  15  1:39  Drone  
  16  1:40  Overlord  
  16  1:55  Queen, Zergling x4  
  16  2:00  Zergling x2  
  21  2:06  Zergling x2  
  22  2:13  Zergling x2  
  21  2:25  Zergling x4  
  23  2:31  Queen  
  25  2:43  Drone x3  
  28  2:49  Drone x2  
  27  3:22  Drone x6  
  30  3:33  Extractor  
  29  3:34  Extractor  
  29  3:35  Drone x2  
  30  3:41  Drone  
  30  3:42  Drone x2  
  30  3:45  Queen  
  35  3:52  Overlord  
  35  3:54  Overlord  
  35  4:09  Queen  
  35  4:13  Drone x5  
  35  4:15  Zergling x2  
  42  4:20  Metabolic Boost  
  42  4:29  Drone x2  
  42  4:30  Queen  
  43  4:40  Zergling x4  
  43  4:44  Spore Crawler  
  43  4:48  Drone x3  
  44  4:56  Overlord, Drone  
  44  4:57  Drone  
  46  5:03  Drone x3  
  48  5:16  Spore Crawler  
  48  5:17  Queen  
  49  5:27  Drone x2  
  52  5:28  Drone x2  
  52  5:29  Overlord  
  52  5:33  Hatchery  
  50  5:37  Drone x2  
Show
View Real Time Build Order
Export as new Build Order

liquidthermy Terran - Winner!

Build Orders:  

Get SALT Encoding   

  12  0:01  SCV  
  13  0:13  Supply Depot  
  13  0:18  SCV  
  14  0:35  Barracks  
  14  0:49  Barracks  
  14  0:53  SCV  
  15  1:05  SCV  
  15  1:06  Refinery  
  16  1:17  SCV  
  17  1:22  Marine  
  18  1:31  Orbital Command  
  16  1:40  Marine  
  16  1:46  Marine  
  18  1:52  Bunker  
  18  1:58  Marine  
  18  2:00  SCV  
  20  2:04  Marine  
  21  2:19  Bunker, Factory  
  21  2:20  Marine, SCV  
  23  2:25  Marine  
  23  2:32  Supply Depot  
  23  2:54  SCV  
  24  3:06  SCV  
  24  3:12  Factory Reactor  
  25  3:18  SCV  
  24  3:25  Command Center  
  21  3:30  SCV  
  21  3:32  Starport  
  20  3:36  Refinery  
  20  3:43  SCV  
  21  3:49  Hellion x2  
  21  3:55  SCV  
  26  3:56  Supply Depot  
  26  4:05  Reaper  
  28  4:10  Hellion  
  28  4:13  Hellion  
  31  4:18  Medivac, SCV  
  34  4:30  SCV  
  37  4:31  Hellion  
  37  4:34  Hellion  
  40  4:43  SCV  
  40  4:55  Hellion x2, Starport Tech Lab  
  40  4:56  SCV  
  44  5:08  SCV  
  44  5:11  Orbital Command  
  45  5:14  Banshee  
  45  5:18  Hellion  
  50  5:22  Hellion  
  50  5:26  SCV  
  53  5:38  SCV  
  54  5:43  SCV  
Tags
 
Add a new tag
Caveats
  • Supply blocks, unpowered buildings, or Contaminate may cause inaccurate times.
  • Supply counts are checked every 10 seconds.